 Dungeon Sprint DCSS version 0.30.1-11-g7821555f0a (webtiles) character file.

Game seed: 8068940085345466741

3111 Heoruswealwe the Impaler (level 9, -19/141 HPs)
             Began as a Minotaur Fighter on Dec 3, 2023.
             Was an Initiate of Gozag.
             Demolished by a boulder beetle (25 damage)
             ... in the Dungeon (Sprint IX: "|||||||||||||||||||||||||||||").
             The game lasted 00:04:30 (512 turns).

Heoruswealwe the Impaler (Minotaur Fighter)          Turns: 512, Time: 00:04:31

Health: -19/141    AC: 12    Str: 26    XL:     9   Next: 60%
Magic:  8/8        EV: 10    Int:  5    God:    Gozag
Gold:   702        SH:  0    Dex:  9    Spells: 8/8 levels left

rFire   . . .        b - +2 halberd (venom)
rCold   . . .        (shield currently unavailable)
rNeg    . . .        c - +1 scale mail
rPois   .            (helmet restricted)
rElec   .            (no cloak)
rCorr   .            (no gloves)
SInv    .            e - +0 pair of boots
Will    .....        (no amulet) Stlth
                     (no ring)
HPRegen 0.43/turn    (no ring)
MPRegen 0.11/turn

%: no teleportation
@: berserking, gold aura, very quick
A: horns 2, retaliatory headbutt
a: Renounce Religion, Potion Petition, Call Merchant, Bribe Branch


You were in the Dungeon.
You worshipped Gozag.
Gozag was pleased with you.
You visited 1 branch You collected 702 gold pieces.

Inventory:

Hand Weapons
 a - a +0 trident
 b - a +2 halberd of venom (weapon)
Armour
 c - a +1 scale mail (worn)
 d - a +0 buckler
 e - a +0 pair of boots (worn)
Wands
 h - a wand of quicksilver (10)
Scrolls
 j - 2 scrolls of blinking
Potions
 k - a potion of might


   Skills:
 + Level 13.8 Fighting
 * Level 18.5 Polearms
 + Level 13.8 Armour
 - Level 3.6 Shields


You had 8 spell levels left.
You didn't know any spells.
Your spell library was empty.

Dungeon Overview and Level Annotations

Branches:
Dungeon (1/1)

Altars:
Cheibriados
Dithmenos
Elyvilon
Fedhas
Gozag
Hepliaklqana
Kikubaaqudgha
Makhleb
Nemelex Xobeh
Okawaru
Qazlal
Ru
Sif Muna
Trog
Uskayaw
Vehumet
Wu Jian
Xom
Yredelemnul
Zin
The Shining One
Jiyva
Lugonu


Innate Abilities, Weirdness & Mutations

You have a pair of horns on your head.
You reflexively headbutt those who attack you in melee.


Message History

Things that are here:
630 gold pieces; 3 large rocks; a +0 shortbow You slash the manticore!
The manticore looks as sick as possible!
The manticore is no longer distracted by gold.
The manticore is moderately wounded.
The manticore bites you!
* * * LOW HITPOINT WARNING * * *
The manticore completely misses you. The manticore claws you.
* * * LOW HITPOINT WARNING * * *
A red film seems to cover your vision as you go berserk!
You feel yourself moving faster!
You feel mighty! The manticore closely misses you.
The manticore completely misses you.
The manticore claws you but does no damage.
You stick the manticore like a pincushion!!!
You kill the manticore!
The boulder beetle curls into a ball and begins rolling!
Reach: b) +2 halberd (venom)
Press: ? - help, Dir - move target, f - boulder beetle
Aim: a boulder beetle (rolling, about 9% to evade your +2 halberd of venom)
You reach to attack!
You impale the boulder beetle!!
The boulder beetle looks as sick as possible!
The boulder beetle is moderately wounded.
Reach: b) +2 halberd (venom)
Press: ? - help, Dir - move target, f/p - boulder beetle
Aim: a boulder beetle (moderately wounded, rolling, extremely poisoned, about 9% to evade your +2 halberd of venom)
You reach to attack!
You barely miss the boulder beetle.
The boulder beetle is moderately wounded.
Reach: b) +2 halberd (venom)
Press: ? - help, Dir - move target, f/p - boulder beetle
Aim: a boulder beetle (moderately wounded, rolling, extremely poisoned, about 9% to evade your +2 halberd of venom)
You reach to attack!
You slash the boulder beetle!
The boulder beetle looks as sick as possible!
The boulder beetle is heavily wounded.
You slice the boulder beetle!!
The boulder beetle looks as sick as possible!
The boulder beetle is severely wounded.
The boulder beetle hits you!!
You die...
Your body crumbles into a pile of gold. $ $ $ $ $$$$$ $ $ ▓▓▓▓▓▓▓▓▓▓▓▓▓▓▓▓▓▓▓▓▓ [=[=..').....'$.@B°.+ ▓▓▓▓▓▓▓▓▓▓▓▓▓▓▓▓▓▓▓▓▓

You could see a boulder beetle (rolling, extremely poisoned).

Vanquished Creatures
  A centaur warrior (D)
  A manticore (D)
  2 ugly things (D)
  A cyclops (D)
  A troll (D)
  2 yaks (D)
  A vampire mosquito (D)
  An acid dragon (D)
  A gnoll sergeant (D)
  2 scorpions (D)
  An orc priest (D)
  An orc wizard (D)
  A giant cockroach (D)
  2 goblins (D)
  A hobgoblin (D)
  A jackal (D)
  A frilled lizard (D)
21 creatures vanquished.

Notes
Turn   | Place    | Note
-------+----------+-------------------------------------------
     0 | D        | Heoruswealwe the Minotaur Fighter began the quest for the
                  | Orb.
     0 | D        | Reached XP level 1. HP: 19/19 MP: 0/0
     8 | D        | Reached skill level 3 in Polearms
    10 | D        | Banished a spatial maelstrom
    27 | D        | Noticed an orc priest
    27 | D        | Noticed an orc wizard
    27 | D        | Noticed a scorpion
    27 | D        | Noticed a scorpion
    34 | D        | Killed an orc priest
    35 | D        | Reached skill level 5 in Fighting
    35 | D        | Reached skill level 5 in Polearms
    35 | D        | Reached skill level 5 in Armour
    35 | D        | Reached XP level 2. HP: 5/29 MP: 1/1
    35 | D        | Reached XP level 3. HP: 6/36 MP: 2/2
    49 | D        | Reached skill level 6 in Polearms
    63 | D        | Killed a scorpion
    64 | D        | Reached skill level 8 in Polearms
    64 | D        | Reached XP level 4. HP: 19/45 MP: 3/3
    66 | D        | Killed a scorpion
    67 | D        | Reached skill level 9 in Polearms
    67 | D        | Reached XP level 5. HP: 8/52 MP: 4/4
    72 | D        | Found a snail-covered altar of Cheibriados.
    72 | D        | Found a shadowy altar of Dithmenos.
    72 | D        | Found a white marble altar of Elyvilon.
    72 | D        | Found a blossoming altar of Fedhas.
    72 | D        | Found an opulent altar of Gozag.
    73 | D        | Found a hazy altar of Hepliaklqana.
    74 | D        | Found a viscous altar of Jiyva.
    75 | D        | Found an ancient bone altar of Kikubaaqudgha.
    76 | D        | Found a corrupted altar of Lugonu.
    77 | D        | Found a burning altar of Makhleb.
    78 | D        | Found a sparkling altar of Nemelex Xobeh.
    79 | D        | Found an iron altar of Okawaru.
    80 | D        | Became a worshipper of Gozag Ym Sagoz the Greedy
    81 | D        | Found a stormy altar of Qazlal.
    82 | D        | Found a sacrificial altar of Ru.
    83 | D        | Found a shimmering blue altar of Sif Muna.
    84 | D        | Found a bloodstained altar of Trog.
    85 | D        | Found a hide-covered altar of Uskayaw.
    86 | D        | Found a radiant altar of Vehumet.
    87 | D        | Found an ornate altar of the Wu Jian Council.
    88 | D        | Found a shimmering altar of Xom.
    89 | D        | Found a basalt altar of Yredelemnul.
    90 | D        | Found a glowing silver altar of Zin.
    91 | D        | Found a glowing golden altar of the Shining One.
   227 | D        | Noticed an acid dragon
   227 | D        | Noticed a yak
   227 | D        | Noticed a troll
   227 | D        | Noticed a vampire mosquito
   227 | D        | Noticed a yak
   231 | D        | Killed an acid dragon
   232 | D        | Reached skill level 10 in Polearms
   232 | D        | Reached XP level 6. HP: 45/62 MP: 5/5
   236 | D        | Reached skill level 11 in Polearms
   238 | D        | Killed a yak
   239 | D        | Reached skill level 12 in Polearms
   246 | D        | Killed a troll
   247 | D        | Reached skill level 10 in Fighting
   247 | D        | Reached skill level 13 in Polearms
   247 | D        | Reached skill level 10 in Armour
   247 | D        | Reached XP level 7. HP: 29/73 MP: 6/6
   266 | D        | Killed a vampire mosquito
   267 | D        | Reached skill level 14 in Polearms
   271 | D        | Killed a yak
   470 | D        | Noticed a centaur warrior
   470 | D        | Noticed a white ugly thing
   470 | D        | Noticed a purple ugly thing
   470 | D        | Noticed a boulder beetle
   470 | D        | Noticed a cyclops
   470 | D        | Noticed a manticore
   480 | D        | Killed a centaur warrior
   481 | D        | Reached skill level 16 in Polearms
   481 | D        | Reached XP level 8. HP: 47/83 MP: 7/7
   487 | D        | Killed a brown ugly thing
   488 | D        | Reached XP level 9. HP: 42/92 MP: 8/8
   497 | D        | Killed a red ugly thing
   498 | D        | Reached skill level 17 in Polearms
   502 | D        | Killed a cyclops
   503 | D        | Reached skill level 18 in Polearms
   506 | D        | HP: 3/93 [manticore (4)]
   508 | D        | Killed a manticore
   512 | D        | Demolished by a boulder beetle

Illustrated notes

Levels and vault maps discovered:
D:        linesprint [early_d, line_temple, items_1, d_10, items_2, lair_1,
          lair_end, items_3, orc_1, orc_end, items_4, d_15, swamp_1, shoals_1,
          snake_1, spider_1, d_20, vaults_1, items_5, swamp_end, shoals_end,
          snake_end, spider_end, vaults_end, d_27, items_6, zot_1, zot_end,
          crypt_end, forest_end, elf_end, slime_end, tomb_end, abyss_end,
          pan_hell_end]

Skill      XL: |  1  2  3  4  5  6  7  8  9 |
---------------+----------------------------+-----
Polearms       | 5 8 9 10 13 16 18 | 18.5
Fighting       | 5 6 7 8 10 12 13 | 13.8
Armour         | 5 6 7 8 10 12 13 | 13.8
Shields        | |  3.6

Action                     |  1- 3 |  4- 6 |  7- 9 || total
---------------------------+-------+-------+-------++-------
  Melee: Trident           |    47 |     3 |       ||    50
         Headbutt          |     5 |     4 |     7 ||    16
         Halberd           |       |    16 |    57 ||    73
    Use: Potion            |     2 |     2 |     6 ||    10
 Armour: Scale mail        |    19 |     8 |    31 ||    58
  Dodge: Dodged            |     8 |    14 |    21 ||    43
  Block: Buckler           |     7 |       |       ||     7
